 Dungeon Crawl Stone Soup version 0.30-a0-883-g5ad918d77d (webtiles) character file.

Game seed: 15106574735113820123

3371 Ijustatesigmund the Magician (level 10, -2/74 HPs)
             Began as a Gnoll Fire Elementalist on Mar 17, 2023.
             Slain by a yak (9 damage)
             ... on level 8 of the Dungeon.
             The game lasted 00:21:42 (8986 turns).

Ijustatesigmund the Magician (GnFE)                 Turns: 8986, Time: 00:21:42

Health: -2/74      AC: 14    Str:  7    XL:     10   Next: 3%
Magic:  9/20       EV: 13    Int: 19    God:
Gold:   509        SH:  0    Dex: 13    Spells: 20/23 levels left

rFire   . . .      SeeInvis .    r - staff of conjuration
rCold   + . .      Faith    .    (no shield)
rNeg    . . .      Spirit   .    a - +0 acid dragon scales
rPois   .          Reflect  .    h - +1 helmet
rElec   .          Rampage  .    (no cloak)
rCorr   +                        n - +1 pair of gloves
Will    .....                    p - +1 pair of boots
Stlth   +++                      (no amulet)
HPRegen 0.32/turn                i - ring of wizardry
MPRegen 0.17/turn                s - ring of protection from cold

@: no status effects
A: fangs 1, strong nose, distributed training
a: no special abilities


You were on level 8 of the Dungeon.
You visited 2 branches of the dungeon, and saw 10 of its levels.

You collected 509 gold pieces.

Inventory:

Hand Weapons
 e - a +4 falchion
 q - a +5 battleaxe of freezing
Armour
 a - +0 acid dragon scales (worn)
 h - a +1 helmet (worn)
 n - a +1 pair of gloves (worn)
 p - a +1 pair of boots (worn)
Magical Staves
 r - a staff of conjuration (weapon)
Jewellery
 i - a ring of wizardry (left hand)
 s - a ring of protection from cold (right hand)
 A - a ring of willpower
 B - a +6 ring of intelligence
Scrolls
 k - a scroll of enchant weapon
 l - a scroll of teleportation
 t - 5 scrolls of amnesia
 v - a scroll of fog
Potions
 b - a potion of magic
 c - 4 potions of curing
 d - a potion of lignification
 f - a potion of ambrosia
 g - a potion of attraction
 j - 2 potions of berserk rage {unknown}
 m - a potion of haste {unknown}
 u - 2 potions of might {unknown}
 w - 3 potions of flight
 x - a potion of degeneration {unknown}
 z - a potion of brilliance {unknown}
 C - a potion of mutation {unknown}


   Skills:
 + Level 5.0 Fighting
 + Level 5.0 Short Blades
 + Level 5.0 Long Blades
 + Level 5.0 Axes
 + Level 5.0 Maces & Flails
 + Level 5.0 Polearms
 + Level 5.0 Staves
 + Level 5.0 Ranged Weapons
 + Level 5.0 Throwing
 + Level 5.0 Armour
 + Level 6.9 Dodging
 + Level 6.6 Stealth
 + Level 5.0 Shields
 + Level 5.0 Unarmed Combat
 + Level 7.2 Spellcasting
 + Level 4.7 Conjurations
 + Level 4.1 Hexes
 + Level 4.1 Summonings
 + Level 4.1 Necromancy
 + Level 4.1 Translocations
 + Level 4.1 Transmutations
 + Level 6.9 Fire Magic
 + Level 4.1 Ice Magic
 + Level 4.1 Air Magic
 + Level 4.1 Earth Magic
 + Level 4.1 Poison Magic
 + Level 5.5 Invocations
 + Level 5.0 Evocations


You had 20 spell levels left.
You knew the following spells:

 Your Spells              Type           Power      Damage    Failure   Level
a - Foxfire               Conj/Fire      100%       2x1d9     1%          1
b - Scorch                Fire           66%        2d8       1%          2

Your spell library contained the following spells:

 Spells                   Type           Power      Damage    Failure   Level
 Summon Small Mammal      Summ           88%        N/A       1%          1
 Ensorcelled Hibernation  Hex/Ice        44%        N/A       1%          2
 Inner Flame              Hex/Fire       28%        N/A       2%          3
 Kindle Blastsparks       Fire/Tloc/Air  52%        2d14      2%          3
 Call Canine Familiar     Summ           22%        N/A       4%          3
 Spider Form              Tmut/Pois      22%        N/A       4%          3
 Summon Guardian Golem    Hex/Summ       22%        N/A       4%          3
 Flame Wave               Conj/Fire      43%        2d11      6%          4
 Anguish                  Hex/Necr       11%        N/A       12%         4


Dungeon Overview and Level Annotations

Branches:
Dungeon (9/15)             Temple (1/1) D:4
   Lair: D:8-11         Orc: D:9-12

Altars:
Cheibriados
Dithmenos
Elyvilon
Fedhas
Gozag
Hepliaklqana
Kikubaaqudgha
Makhleb
Nemelex Xobeh
Okawaru
Qazlal
Ru
Sif Muna
Trog
Uskayaw
Vehumet
Wu Jian
Xom
Zin
The Shining One

Shops:
D:4 :

Annotations:
D:8 Amaemon, Prince Ribbit


Innate Abilities, Weirdness & Mutations

You have very sharp teeth.
Your uncanny sense of smell can sniff out nearby items.
Your experience applies equally to all skills.


Message History

You kill the yak!
Your Fighting skill increases to level 5!
Your Short Blades skill increases to level 5!
Your Long Blades skill increases to level 5!
Your Axes skill increases to level 5!
Your Maces & Flails skill increases to level 5!
Your Polearms skill increases to level 5!
Your Staves skill increases to level 5!
Your Ranged Weapons skill increases to level 5!
Your Throwing skill increases to level 5!
Your Armour skill increases to level 5!
Your Shields skill increases to level 5!
Your Unarmed Combat skill increases to level 5!
Your Evocations skill increases to level 5!
You have reached level 10!
Casting: Foxfire (safe; 1% risk of failure)
Confirm with . or Enter, or press ? or * to list all spells.
Flames lash the yak.
The yak is heavily wounded.
The yak's fire resistance burns away.
Something shouts, "Leave, thou feeble pigeon-egg pumpion!"
The yak gores you.
Casting: Scorch (safe; 1% risk of failure)
Confirm with . or Enter, or press ? or * to list all spells.
You feel a surge of power!
You conjure some foxfire!
The yak gores you. The yak gores you!
* * * LOW HITPOINT WARNING * * *
The yak is no longer more vulnerable to fire.
The foxfire hits the yak but does no damage.
The yak is lightly wounded.
The foxfire hits the yak.
The yak is lightly wounded.
The yak gores you but does no damage. The yak gores you!
* * * LOW HITPOINT WARNING * * *
Casting: Foxfire (safe; 1% risk of failure)
Confirm with . or Enter, or press ? or * to list all spells.
You feel a surge of power!
You conjure some foxfire!
The yak gores you.
* * * LOW HITPOINT WARNING * * *
The yak gores you!
You die...

........!......
....................
. ......##..#.......#
.. ......#..##.....##
.5.
...............!##
...##(.....>..†.....#
....................
##........Y§###...
..#$##@Y.†........##
##
#.....vvY###.###....#
##.##......#...#.)###
.....#.)..#..##...#
..##.#.............#
.. ..#.###.#......?#
. .. ..# .#####....
##. ... . ...... ..F
.. .......


You could see 2 yaks.

Vanquished Creatures
  Grinder (D:4)
  A yak (D:8)
  A wyvern (D:8)
  An acid dragon (D:6)
  An orc warrior (D:6)
  A sky beast (D:7)
  2 ice beasts
  3 ogres
  A black bear (D:4)
  3 centaurs
  2 phantoms (D:6)
  2 bullfrogs
  2 scorpions (D:6)
  8 wights
  2 howler monkeys
  3 orc priests
  A jelly (D:6)
  5 hounds
  3 iguanas
  Natasha (thrice) (D:2)
  11 orc wizards
  Robin (D:3)
  3 gnolls (D:2)
  3 adders (D:2)
  A shadow imp (D:6)
  A white imp (D:5)
  An ufetubus (D:6)
  2 worms
  2 dart slugs
  37 orcs
  9 ball pythons
  6 bats
  6 endoplasms
  2 giant cockroaches
  17 goblins
  13 hobgoblins
  3 quokkas
  3 frilled lizards
  2 kobolds (D:1)
  3 rats
172 creatures vanquished.

Vanquished Creatures (others)
  525 foxfires
525 creatures vanquished.

Grand Total: 697 creatures vanquished

Notes
Turn   | Place    | Note
-------+----------+-------------------------------------------
     0 | D:1      | Ijustatesigmund the Gnoll Fire Elementalist began the quest
                  | for the Orb.
     0 | D:1      | Reached XP level 1. HP: 13/13 MP: 6/6
   179 | D:1      | Reached XP level 2. HP: 19/19 MP: 4/7
   182 | D:1      | Learned a level 2 spell: Scorch
   944 | D:2      | Reached skill level 5 in Spellcasting
   944 | D:2      | Reached XP level 3. HP: 25/25 MP: 4/9
  1024 | D:2      | Reached skill level 1 in Invocations
  1089 | D:2      | Reached skill level 1 in Fighting
  1089 | D:2      | Reached skill level 1 in Short Blades
  1089 | D:2      | Reached skill level 1 in Long Blades
  1089 | D:2      | Reached skill level 1 in Axes
  1089 | D:2      | Reached skill level 1 in Maces & Flails
  1089 | D:2      | Reached skill level 1 in Polearms
  1089 | D:2      | Reached skill level 1 in Staves
  1089 | D:2      | Reached skill level 1 in Ranged Weapons
  1089 | D:2      | Reached skill level 1 in Throwing
  1089 | D:2      | Reached skill level 1 in Armour
  1089 | D:2      | Reached skill level 1 in Shields
  1089 | D:2      | Reached skill level 1 in Unarmed Combat
  1089 | D:2      | Reached skill level 1 in Evocations
  1204 | D:2      | Reached XP level 4. HP: 28/32 MP: 3/11
  1429 | D:2      | Found a bloodstained altar of Trog.
  1435 | D:2      | Identified the +5 ring mail of Rygioll {Rampage rElec}
  1463 | D:2      | Noticed Natasha
  1466 | D:2      | Reached skill level 1 in Hexes
  1466 | D:2      | Reached skill level 1 in Summonings
  1466 | D:2      | Reached skill level 1 in Necromancy
  1466 | D:2      | Reached skill level 1 in Translocations
  1466 | D:2      | Reached skill level 1 in Transmutations
  1466 | D:2      | Reached skill level 1 in Ice Magic
  1466 | D:2      | Reached skill level 1 in Air Magic
  1466 | D:2      | Reached skill level 1 in Earth Magic
  1466 | D:2      | Reached skill level 1 in Poison Magic
  1469 | D:2      | Killed Natasha
  1477 | D:2      | Noticed Natasha
  1714 | D:2      | Killed Natasha
  1715 | D:2      | Reached XP level 5. HP: 28/37 MP: 5/12
  1964 | D:2      | Noticed Natasha
  2167 | D:2      | Killed Natasha
  2623 | D:3      | Noticed Robin
  2657 | D:3      | Killed Robin
  3260 | D:3      | Reached XP level 6. HP: 35/44 MP: 10/14
  3319 | D:3      | Reached skill level 5 in Dodging
  3862 | D:4      | Found Vohitwuo's Book Shop.
  3912 | D:4      | Reached XP level 7. HP: 44/51 MP: 10/15
  3981 | D:4      | Found a staircase to the Ecumenical Temple.
  3990 | Temple   | Entered the Ecumenical Temple
  4184 | D:4      | Reached skill level 5 in Stealth
  4365 | D:4      | Noticed Grinder
  4384 | D:4      | Killed Grinder
  4385 | D:4      | Reached XP level 8. HP: 38/58 MP: 5/16
  4622 | D:5      | Entered Level 5 of the Dungeon
  4825 | D:4      | Reached skill level 6 in Spellcasting
  5707 | D:5      | Found a shadowy altar of Dithmenos.
  5736 | D:5      | Found a glowing golden altar of the Shining One.
  5736 | D:5      | Found a white marble altar of Elyvilon.
  5737 | D:5      | Found a snail-covered altar of Cheibriados.
  5747 | D:5      | Found a sacrificial altar of Ru.
  5984 | D:6      | Found a runed translucent door.
  6695 | D:6      | Reached XP level 9. HP: 38/65 MP: 9/18
  8038 | D:7      | Reached skill level 5 in Invocations
  8300 | D:7      | Reached skill level 7 in Spellcasting
  8752 | D:8      | Noticed an orange demon
  8752 | D:8      | Noticed Amaemon
  8974 | D:8      | Noticed Prince Ribbit
  8982 | D:8      | Reached skill level 5 in Fighting
  8982 | D:8      | Reached skill level 5 in Short Blades
  8982 | D:8      | Reached skill level 5 in Long Blades
  8982 | D:8      | Reached skill level 5 in Axes
  8982 | D:8      | Reached skill level 5 in Maces & Flails
  8982 | D:8      | Reached skill level 5 in Polearms
  8982 | D:8      | Reached skill level 5 in Staves
  8982 | D:8      | Reached skill level 5 in Ranged Weapons
  8982 | D:8      | Reached skill level 5 in Throwing
  8982 | D:8      | Reached skill level 5 in Armour
  8982 | D:8      | Reached skill level 5 in Shields
  8982 | D:8      | Reached skill level 5 in Unarmed Combat
  8982 | D:8      | Reached skill level 5 in Evocations
  8982 | D:8      | Reached XP level 10. HP: 33/74 MP: 12/20
  8986 | D:8      | Slain by a yak

Illustrated notes

Levels and vault maps discovered:
D:1:      onia_arrival_mini_maze, layout_basic, minmay_tall_x
D:2:      layout_basic, basic_altar, uniq_natasha
D:3:      layout_rooms, serial_corexii_hall, corexii_hall_statues_s,
          corexii_hall_statues_x, nicolae_figureground_pulse, uniq_robin
D:4:      layout_rooms, minmay_temple_entry_proselytizer, serial_shops,
          kennysheep_mini_moat, uniq_grinder
D:5:      layout_basic, mainiacjoe_overflow_alcove_1,
          nicolae_overflow_quartered_altars, grunt_ministairs_9,
          item_on_display_a
D:6:      minmay_skewed_foursquare, layout_basic, lightli_church_of_beogh
D:7:      layout_basic
D:8:      layout_cave_pools, overflow_temple_1_default, uniq_prince_ribbit1,
          uniq_amaemon
D:9:      layout_loops_ring, lair_entry_dummy, orc_0_dummy, special_room
          [special_room_orc]
Temple:   hellmonk_temple_of_storms

Skill      XL: |  1  2  3  4  5  6  7  8  9 |
---------------+----------------------------+-----
Conjurations   | 2 3 4 |  4.7
Spellcasting   | 5 6 7 |  7.2
Invocations    | 1 2 3 4 5 |  5.5
Fighting       | 1 2 3 5 |  5.0
Short Blades   | 1 2 3 5 |  5.0
Long Blades    | 1 2 3 5 |  5.0
Axes           | 1 2 3 5 |  5.0
Maces & Flails | 1 2 3 5 |  5.0
Polearms       | 1 2 3 5 |  5.0
Staves         | 1 2 3 5 |  5.0
Ranged Weapons | 1 2 3 5 |  5.0
Throwing       | 1 2 3 5 |  5.0
Armour         | 1 2 3 5 |  5.0
Shields        | 1 2 3 5 |  5.0
Unarmed Combat | 1 2 3 5 |  5.0
Evocations     | 1 2 3 5 |  5.0
Hexes          | 1 2 3 4 |  4.1
Summonings     | 1 2 3 4 |  4.1
Necromancy     | 1 2 3 4 |  4.1
Translocations | 1 2 3 4 |  4.1
Transmutations | 1 2 3 4 |  4.1
Ice Magic      | 1 2 3 4 |  4.1
Air Magic      | 1 2 3 4 |  4.1
Earth Magic    | 1 2 3 4 |  4.1
Poison Magic   | 1 2 3 4 |  4.1
Dodging        | 5 6 |  6.9
Stealth        | 5 6 |  6.6
Fire Magic     | 6 |  6.9

Action                     |  1- 3 |  4- 6 |  7- 9 | 10-12 || total
---------------------------+-------+-------+-------+-------++-------
  Melee: Short sword       |       |    13 |       |       ||    13
         Punch             |       |     1 |       |       ||     1
         Staff             |       |       |    10 |       ||    10
   Cast: Foxfire           |    53 |    94 |   177 |     2 ||   326
         Scorch            |     4 |    22 |    68 |     1 ||    95
  Evoke: Wand              |       |       |     4 |       ||     4
    Use: Scroll            |     2 |     7 |    13 |       ||    22
         Potion            |       |       |     8 |       ||     8
 Armour: Robe              |     2 |    17 |    34 |       ||    53
         Acid dragon scale |       |       |    87 |     1 ||    88
  Dodge: Dodged            |     9 |    56 |   145 |       ||   210

Table legend: (Time is in decaauts)
 A = Elapsed time spent in this place.
 B = Non-inter-level travel time spent in this place.
 C = Inter-level travel time spent in this place.
 D = Time resting spent in this place.
 E = Time spent auto-exploring this place.
 F = Levels seen in this place.
 G = Mean time per level.
                   A        B        C        D        E       F      G
               +--------+--------+--------+--------+--------+-----+--------+
         Total |   8990 |   8814 |    176 |   2932 |   4442 |  10 |  899.0 |
       Dungeon |   8909 |   8740 |    169 |   2932 |   4379 |   9 |  989.9 |
        Temple |     81 |     74 |      7 |      0 |     63 |   1 |   81.0 |
               +--------+--------+--------+--------+--------+-----+--------+

Top non-repeatable levels by time:
     D:6: 1556 daAuts
     D:3: 1386 daAuts
     D:4: 1343 daAuts
     D:7: 1340 daAuts
     D:2: 1146 daAuts
     D:1: 1118 daAuts
     D:5: 751 daAuts
     D:8: 185 daAuts
  Temple: 81 daAuts
     D:9: 79 daAuts
